[Event "Titled Tuesday Blitz November 14 Early 2023"]
[White "disciplinedbrat"]
[Black "Dahlgren, James Allen"]
[BlackFideId "22256873"]
[WhiteElo "2246"]
[BlackElo "2119"]
[Result "0-1"]
[Round "5"]
[TimeControl "180+1"]
[Date "2023.11.14"]
[WhiteClock "0:00:42"]
[BlackClock "0:00:17"]
[Board "206"]

1. e4 e6 2. d4 d5 3. exd5 exd5 4. h3 Nf6 5. Bd3 Bd6 6. Ne2 O-O 7. O-O c5 8. c3 Nc6 9. dxc5 Bxc5 10. Bg5 h6 11. Bh4 Be6 12. Nd2 Ne5 13. Bc2 Re8 14. Nd4 Be7 15. N2f3 Nxf3+ 16. Qxf3 Qd7 17. Rfe1 Nh7 18. Bxe7 Rxe7 19. Qd3 Nf6 20. Re3 Rae8 21. Nxe6 Rxe6 22. Rxe6 Qxe6 23. Rd1 Qe2 24. Ba4 Qxd3 25. Rxd3 Re1+ 26. Kh2 Re2 27. Kg3 Rxb2 28. Bb3 Ne4+ 29. Kh2 Nc5 30. Rxd5 Nxb3 31. Rb5 Rxf2 32. axb3 b6 33. Rd5 Rc2 34. c4 Rc3 35. Rb5 Kf8 36. Kg1 Ke7 37. h4 Kd6 38. Rf5 f6 39. Rb5 Kc6 40. Kf2 a6 41. Rb4 Kc5 42. g4 Kxb4 0-1


[Site "https://www.chess.com"]

[Event "Titled Tuesday Blitz November 14 Early 2023"]
[White "Novikova, Anna"]
[Black "Fernandez Hernandez, Gerardo"]
[WhiteFideId "4146794"]
[BlackFideId "2207400"]
[WhiteElo "2236"]
[BlackElo "2112"]
[Result "0-1"]
[Round "5"]
[TimeControl "180+1"]
[Date "2023.11.14"]
[WhiteClock "0:00:09"]
[BlackClock "0:00:31"]
[Board "207"]

1. e4 e6 2. g3 d5 3. exd5 exd5 4. Bg2 c6 5. d4 Bd6 6. Nf3 Nf6 7. O-O O-O 8. Re1 Bf5 9. c3 Nbd7 10. Nbd2 Re8 11. a4 a5 12. Rxe8+ Qxe8 13. Nf1 Qe7 14. Ne3 Be4 15. Qb3 b6 16. c4 Re8 17. cxd5 Nxd5 18. Bd2 Nb4 19. Nc4 Bd5 20. Re1 Qd8 21. Rxe8+ Qxe8 22. Nxd6 Qe2 23. Qe3 Qd1+ 24. Qe1 Qc2 25. Qe8+ Nf8 26. Qxf7+ Bxf7 0-1


[Site "https://www.chess.com"]

[Event "Titled Tuesday Blitz November 14 Early 2023"]
[White "vovasev"]
[Black "Akylbek2021"]
[WhiteElo "2071"]
[BlackElo "2231"]
[Result "0-1"]
[Round "5"]
[TimeControl "180+1"]
[Date "2023.11.14"]
[WhiteClock "0:00:55"]
[BlackClock "0:00:22"]
[Board "208"]

1. e4 e5 2. Nf3 Nc6 3. Bc4 Bc5 4. c3 Nf6 5. d4 exd4 6. cxd4 Bb4+ 7. Bd2 Bxd2+ 8. Nbxd2 d5 9. exd5 Nxd5 10. O-O O-O 11. Nb3 Nb6 12. Be2 a5 13. Nc5 Rb8 14. Rc1 Bg4 15. Nxb7 Qf6 16. d5 Nb4 17. Nxa5 N4xd5 18. Nc6 Ra8 19. Nfd4 Bxe2 20. Qxe2 Rxa2 21. Rfe1 h6 22. Qb5 Rfa8 23. Nf3 Rxb2 24. Qc5 Raa2 25. Rf1 Nf4 26. Ne7+ Kh7 27. Rce1 Nd3 28. Qxc7 Nxe1 29. Qd8 Nxf3+ 30. gxf3 Ra8 31. Qd3+ g6 32. Re1 Re8 33. Re3 Rxe7 34. Qd8 Qg5+ 35. Kf1 Rxe3 0-1


[Site "https://www.chess.com"]

[Event "Titled Tuesday Blitz November 14 Early 2023"]
[White "Silvestre, Christian"]
[Black "IsaqueGoncalvesSanto"]
[WhiteFideId "30956269"]
[WhiteElo "2225"]
[BlackElo "1878"]
[Result "1-0"]
[Round "5"]
[TimeControl "180+1"]
[Date "2023.11.14"]
[WhiteClock "0:00:17"]
[BlackClock "0:00:09"]
[Board "209"]

1. e4 e6 2. Qe2 c5 3. c3 d5 4. d3 Nf6 5. g3 Be7 6. Bg2 b6 7. Nd2 Ba6 8. c4 dxe4 9. Nxe4 Nxe4 10. Qxe4 O-O 11. Qxa8 Qxd3 12. Qe4 Qd8 13. b3 Nd7 14. Bb2 Nf6 15. Qe2 Qc7 16. Nf3 Nd5 17. O-O Nb4 18. Rfd1 Nc6 19. Rd2 Bc8 20. Rad1 Nb4 21. a3 Nc6 22. Ne5 Na5 23. Rd7 Bxd7 24. Rxd7 Qc8 25. Rxe7 Nxb3 26. Qg4 Qd8 27. Nc6 Qd2 28. Qxg7# 1-0


[Site "https://www.chess.com"]

[Event "Titled Tuesday Blitz November 14 Early 2023"]
[White "Vargas, Mauricio"]
[Black "Cueto, Jonny"]
[WhiteFideId "4404572"]
[BlackFideId "3300145"]
[WhiteElo "1859"]
[BlackElo "2222"]
[Result "0-1"]
[Round "5"]
[TimeControl "180+1"]
[Date "2023.11.14"]
[WhiteClock "0:01:14"]
[BlackClock "0:00:32"]
[Board "210"]

1. e4 e6 2. f4 d5 3. e5 c5 4. Nf3 Nh6 5. h3 Nc6 6. g4 Be7 7. Bg2 Bh4+ 8. Nxh4 Qxh4+ 9. Kf1 f6 10. d4 fxe5 11. dxe5 O-O 12. Kg1 Bd7 13. Bxd5 Rad8 14. Bg2 Nxe5 15. fxe5 Qf2+ 16. Kh2 Bc6 17. Rg1 Rxd1 18. Be3 Rxg1 19. Bxf2 Rxg2+ 20. Kh1 Rfxf2 21. Nc3 Rh2+ 22. Kg1 Rfg2+ 23. Kf1 Rh1# 0-1


[Site "https://www.chess.com"]

[Event "Titled Tuesday Blitz November 14 Early 2023"]
[White "Nakamura, Hikaru"]
[Black "Vokhidov, Shamsiddin"]
[WhiteFideId "2016192"]
[BlackFideId "14204223"]
[WhiteElo "3333"]
[BlackElo "3009"]
[Result "1-0"]
[Round "6"]
[TimeControl "180+1"]
[Date "2023.11.14"]
[WhiteClock "0:00:38"]
[BlackClock "0:00:15"]
[Board "1"]

1. g3 c5 2. Nf3 g6 3. d4 cxd4 4. Nxd4 Bg7 5. e4 Nc6 6. Nb3 Nf6 7. Bg2 d6 8. O-O h5 9. h3 Be6 10. Nc3 Qd7 11. Kh2 Rc8 12. f4 h4 13. g4 Qc7 14. Nd5 Bxd5 15. exd5 Na5 16. Nxa5 Qxa5 17. c3 O-O 18. Be3 b5 19. a3 Rc4 20. Qe2 Qc7 21. Bd4 Re8 22. Rae1 Nd7 23. Bxg7 Kxg7 24. Qf2 e5 25. dxe6 Rxe6 26. Bd5 Rxe1 27. Rxe1 Qc5 28. Qd2 Ra4 29. Re7 Nb6 30. Rxf7+ Kh8 31. Qe2 Qc8 32. Qe7 Nxd5 33. Rh7+ Kg8 34. Qf7# 1-0


[Site "https://www.chess.com"]

[Event "Titled Tuesday Blitz November 14 Early 2023"]
[White "Daneshvar, Bardiya"]
[Black "Andreikin, Dmitry"]
[WhiteFideId "12576468"]
[BlackFideId "4158814"]
[WhiteElo "2986"]
[BlackElo "3128"]
[Result "1/2-1/2"]
[Round "6"]
[TimeControl "180+1"]
[Date "2023.11.14"]
[WhiteClock "0:00:06"]
[BlackClock "0:00:06"]
[Board "2"]

1. d4 Nf6 2. c4 e6 3. Nf3 d5 4. Nc3 a6 5. cxd5 exd5 6. Bg5 Be6 7. e3 Nbd7 8. Bd3 h6 9. Bf4 g5 10. Bg3 Nh5 11. Be5 Nhf6 12. Bg3 Nh5 13. Qc2 Nxg3 14. hxg3 c6 15. O-O-O Bg7 16. Kb1 Nb6 17. Bf5 Qd7 18. g4 O-O-O 19. Ne2 Kb8 20. Nd2 Rc8 21. Nb3 Na4 22. Rd2 Rc7 23. Ng3 Rhc8 24. Nc5 Nxc5 25. Qxc5 Bf8 26. Qb6 c5 27. dxc5 Bxc5 28. Qb3 Bd6 29. Bxe6 fxe6 30. Ne2 Qh7+ 31. Qd3 Qxd3+ 32. Rxd3 Rc2 33. Nc3 Rxf2 34. Rxh6 Re8 35. a3 Rxg2 36. Rg6 Rxg4 37. Nxd5 Be5 38. Nb6 Ka7 39. Nd7 Bh8 40. Nc5 Rc8 41. Nxe6 Rg2 42. Nd4 Bxd4 43. exd4 Rd8 44. d5 g4 45. d6 g3 46. Rgxg3 Rxg3 47. Rxg3 Rxd6 48. Ka2 Rc6 49. Rh3 Rb6 50. Rg3 Rc6 51. Rg2 Rb6 52. Rg3 Rc6 1/2-1/2


[Site "https://www.chess.com"]

[Event "Titled Tuesday Blitz November 14 Early 2023"]
[White "Khismatullin, Denis"]
[Black "Lazavik, Denis"]
[WhiteFideId "4142578"]
[BlackFideId "13515110"]
[WhiteElo "2960"]
[BlackElo "3067"]
[Result "1/2-1/2"]
[Round "6"]
[TimeControl "180+1"]
[Date "2023.11.14"]
[WhiteClock "0:00:07"]
[BlackClock "0:00:10"]
[Board "3"]

1. c4 Nf6 2. Nc3 e5 3. Nf3 Nc6 4. g3 d5 5. cxd5 Nxd5 6. Bg2 Bc5 7. O-O O-O 8. d3 h6 9. Nxd5 Qxd5 10. a3 a5 11. Bd2 Qd6 12. Bc3 Rd8 13. Rc1 Be6 14. Nd2 Bb6 15. Bxc6 bxc6 16. Qa4 f6 17. Ne4 Qd7 18. Bd2 Bd5 19. Be3 Qh3 20. Bxb6 cxb6 21. f3 c5 22. Nc3 Bf7 23. Qg4 Qxg4 24. fxg4 Be6 25. h3 h5 26. gxh5 Bxh3 27. Rf2 f5 28. Rh2 Bg4 29. Kf2 Rd6 30. Nd1 f4 31. gxf4 exf4 32. Rh4 Bd7 33. Rxf4 Rd5 34. h6 gxh6 35. Nc3 Rf5 36. Rxf5 Bxf5 37. Nd5 Rf8 38. Ke3 h5 39. Nxb6 h4 40. Nd5 Kg7 41. Nf4 Rh8 42. Rxc5 h3 43. Nxh3 Rxh3+ 44. Kd2 Kf6 45. Rxa5 Rh2 46. Ra6+ Ke5 47. Ra8 Bg4 48. Re8+ Kf4 49. Re4+ Kf5 50. a4 Bf3 51. Re3 Bc6 52. a5 Kf6 53. Rg3 Ke6 54. Rg6+ Kd7 55. b4 Kc7 56. Rg7+ Kd6 57. a6 Rh1 58. a7 Ra1 59. e4 Bb5 60. Ke3 Kc6 61. e5 Kb6 62. Kd4 Bc6 63. e6 Ra4 64. Ke5 Rxb4 65. e7 Ra4 66. Kf6 Rxa7 67. Rg8 Ra1 68. e8=Q Bxe8 69. Rxe8 Rd1 70. Re3 Kc5 71. Ke5 Rd2 72. Rh3 Rd1 73. Ke4 Re1+ 74. Re3 Rxe3+ 75. Kxe3 Kd5 76. d4 Kd6 77. Ke4 Ke6 78. d5+ Kd6 79. Kd4 Kd7 80. Ke5 Ke7 81. d6+ Kd7 82. Kd5 Kd8 83. Ke6 Ke8 84. d7+ Kd8 85. Kd6 1/2-1/2


[Site "https://www.chess.com"]

[Event "Titled Tuesday Blitz November 14 Early 2023"]
[White "Gurel, Ediz"]
[Black "Sychev, Klementy"]
[WhiteFideId "44507356"]
[BlackFideId "4114060"]
[WhiteElo "2947"]
[BlackElo "2919"]
[Result "1/2-1/2"]
[Round "6"]
[TimeControl "180+1"]
[Date "2023.11.14"]
[WhiteClock "0:00:01"]
[BlackClock "0:00:08"]
[Board "5"]

1. e4 e5 2. Nf3 Nc6 3. Bb5 a6 4. Bxc6 dxc6 5. O-O Bg4 6. h3 Bh5 7. g4 Bg6 8. Nxe5 Bd6 9. Nxg6 hxg6 10. Qf3 Qd7 11. d4 f5 12. exf5 gxf5 13. Re1+ Ne7 14. Bg5 fxg4 15. hxg4 O-O-O 16. Bxe7 Bxe7 17. Qf5 Qxf5 18. gxf5 Bf6 19. c3 c5 20. dxc5 Rh5 21. Na3 Rg5+ 22. Kf1 Rxf5 23. Nc4 Bh4 24. Re2 Rdf8 25. Kg2 Bxf2 26. Re5 Bxc5 27. Rxf5 Rxf5 28. b4 Be7 29. Ne3 Re5 30. Kf3 Bf6 31. Rh1 b5 32. c4 bxc4 33. Nxc4 Rd5 34. Rh8+ Kd7 35. Ra8 Rd4 36. Ne3 Rd3 37. Rxa6 Bg5 38. Rg6 Rxe3+ 39. Kf2 Re5 40. Rxg7+ Kc6 41. a4 Kb6 42. a5+ Kb7 43. a6+ Kxa6 44. Rxc7 Be7 45. Rc6+ Kb5 46. Rc2 Bxb4 47. Re2 Rf5+ 48. Kg2 Bd6 49. Rf2 Rg5+ 50. Kf3 Kc6 51. Ke4 Re5+ 52. Kf3 Kd5 53. Rd2+ Kc5 54. Rc2+ Kb6 55. Re2 Rf5+ 56. Ke4 Rg5 57. Rc2 Bc5 58. Re2 Kc6 59. Rd2 Rg6 60. Re2 Re6+ 61. Kf3 Rf6+ 62. Ke4 Bd6 63. Rc2+ Kd7 64. Re2 Ke6 65. Kd4+ Kd7 66. Ke4 Rg6 67. Re3 Rg4+ 68. Kd5 Rg5+ 69. Ke4 Kc6 70. Re2 Re5+ 71. Kf3 Ra5 72. Ke4 Ra4+ 73. Kf5 Rc4 74. Re4 Rc2 75. Ke6 Rf2 76. Re3 Bc5 77. Re4 Rh2 78. Re5 Rh6+ 79. Kf5 Bd6 80. Re6 Rh8 81. Re2 Rf8+ 82. Ke4 Bc5 83. Kd3 Kd5 84. Rd2 Rf4 85. Re2 Rf3+ 86. Kc2 Bd4 87. Re8 Kc4 88. Rc8+ Bc5 89. Kd2 Rf2+ 90. Ke1 Ra2 91. Kf1 Kd4 92. Re8 Kd3 93. Re6 Rf2+ 94. Ke1 Rf8 95. Re5 Bb4+ 96. Kd1 Rf1+ 1/2-1/2


[Site "https://www.chess.com"]

[Event "Titled Tuesday Blitz November 14 Early 2023"]
[White "Alekseenko, Kirill"]
[Black "AlmasRakhmatullaev"]
[WhiteFideId "4135539"]
[WhiteElo "2914"]
[BlackElo "2891"]
[Result "1-0"]
[Round "6"]
[TimeControl "180+1"]
[Date "2023.11.14"]
[WhiteClock "0:00:55"]
[BlackClock "0:00:00"]
[Board "6"]

1. e4 e5 2. Nf3 Nf6 3. Nxe5 d6 4. Nf3 Nxe4 5. Nc3 Nxc3 6. dxc3 Nc6 7. Be3 Be7 8. Bd3 Be6 9. Qe2 Qd7 10. O-O-O O-O 11. h3 a5 12. Kb1 a4 13. a3 Rfe8 14. g4 Bf8 15. Ng5 h6 16. Nxe6 Rxe6 17. Bf5 b5 18. Qxb5 Rb8 19. Qxa4 d5 20. c4 Qc8 21. Bxe6 Qxe6 22. cxd5 Qf6 23. b3 Nd8 24. Rd4 Nb7 25. Qa7 Qd8 26. Rc4 Qc8 27. a4 Ra8 28. Rxc7 Qxc7 29. Qxa8 Qc3 30. Bc1 Nc5 31. Bb2 Qf3 32. Re1 Ne4 33. Rxe4 Qxe4 34. Ba3 Qe1+ 35. Ka2 1-0


[Site "https://www.chess.com"]

[Event "Titled Tuesday Blitz November 14 Early 2023"]
[White "Kamsky, Gata"]
[Black "Nazari, Arad"]
[WhiteFideId "2000024"]
[BlackFideId "12577324"]
[WhiteElo "2903"]
[BlackElo "2777"]
[Result "1-0"]
[Round "6"]
[TimeControl "180+1"]
[Date "2023.11.14"]
[WhiteClock "0:00:13"]
[BlackClock "0:00:00"]
[Board "7"]

1. d4 Nf6 2. Bf4 g6 3. c3 Bg7 4. Nf3 O-O 5. h3 b6 6. e3 Bb7 7. a4 a5 8. Nbd2 d6 9. Bb5 Nbd7 10. O-O Ne4 11. Nxe4 Bxe4 12. Re1 e5 13. Bg3 c6 14. Bf1 exd4 15. Nxd4 Be5 16. Ne2 Qe7 17. f3 Bd5 18. e4 Bc4 19. f4 Bxe2 20. Bxe2 Bg7 21. Bc4 Nc5 22. Qc2 Rad8 23. Bf2 Rfe8 24. Bxc5 bxc5 25. Qf2 Qc7 26. Rad1 Bf6 27. g3 Kg7 28. Kg2 h5 29. h4 Qe7 30. Re2 Qc7 31. Qf3 Rf8 32. Rde1 Rde8 33. Re3 Qb6 34. R1e2 Qc7 35. Qf2 Qd8 36. Ba2 Qc7 37. Qe1 Bd8 38. e5 d5 39. Bb1 c4 40. Rf3 Qe7 41. f5 gxf5 42. Rxf5 Qe6 43. Rxh5 f6 44. Qd2 fxe5 45. Rexe5 Qf6 46. Reg5+ Kf7 47. Rf5 1-0


[Site "https://www.chess.com"]

[Event "Titled Tuesday Blitz November 14 Early 2023"]
[White "Idani, Pouya"]
[Black "Dubov, Daniil"]
[WhiteFideId "12510130"]
[BlackFideId "24126055"]
[WhiteElo "2825"]
[BlackElo "3125"]
[Result "1/2-1/2"]
[Round "6"]
[TimeControl "180+1"]
[Date "2023.11.14"]
[WhiteClock "0:00:38"]
[BlackClock "0:01:31"]
[Board "8"]

1. e4 c5 2. Nf3 e6 3. c3 d5 4. e5 Nc6 5. d4 Qb6 6. a3 f6 7. Bd3 c4 8. Bc2 fxe5 9. Nxe5 Nxe5 10. dxe5 Nh6 11. Qe2 Bc5 12. Nd2 Bd7 13. Nf3 O-O-O 14. Bxh6 gxh6 15. O-O-O Rdf8 16. Nd4 Rf4 17. Qe3 Rhf8 18. Rhf1 Be8 19. g3 Bxd4 20. Rxd4 Rf3 21. Qxh6 Bg6 22. Bxg6 hxg6 23. Qxg6 Rxf2 24. Rxf2 Rxf2 25. Qe8+ Kc7 26. Qe7+ Kc8 27. Qe8+ Kc7 28. Qe7+ Kc8 29. Qe8+ 1/2-1/2


[Site "https://www.chess.com"]

[Event "Titled Tuesday Blitz November 14 Early 2023"]
[White "Rakhmanov, Aleksandr"]
[Black "Nihal Sarin"]
[WhiteFideId "4173708"]
[BlackFideId "25092340"]
[WhiteElo "2836"]
[BlackElo "3115"]
[Result "1-0"]
[Round "6"]
[TimeControl "180+1"]
[Date "2023.11.14"]
[WhiteClock "0:00:04"]
[BlackClock "0:00:05"]
[Board "9"]

1. d4 Nf6 2. c4 e6 3. Nc3 Bb4 4. e3 O-O 5. Nf3 d5 6. Bd2 Re8 7. Qc2 Bf8 8. O-O-O Nc6 9. a3 a5 10. Kb1 Bd7 11. h3 Nb4 12. Qc1 dxc4 13. Bxc4 b5 14. Nxb5 Qb8 15. Nc3 Qb7 16. Ne5 Reb8 17. g4 Be8 18. g5 Ne4 19. Nxe4 Qxe4+ 20. Ka1 Ba4 21. f3 Nc2+ 22. Ka2 Qb7 23. Bc3 Bb3+ 24. Bxb3 Qxb3+ 25. Kb1 Nxa3+ 26. Ka1 Nb5 27. Rd3 a4 28. Bd2 Qd5 29. Qc6 Nd6 30. e4 Qb5 31. Qxb5 Rxb5 32. Rc1 Rb3 33. Rxb3 axb3+ 34. Kb1 Nb5 35. Nc6 Ra6 36. Be3 Bd6 37. Rc4 f6 38. h4 Kf7 39. f4 Ra2 40. Bc1 Ra6 41. e5 fxe5 42. dxe5 Bf8 43. Nd4 Nxd4 44. Rxd4 c5 45. Rd7+ Ke8 46. Rc7 Ra4 47. Rc8+ Kf7 48. h5 Re4 49. Rc7+ Ke8 50. Rc8+ Kf7 51. Rc7+ Kg8 52. Rc6 Re1 53. Rxe6 Rf1 54. Rc6 Kf7 55. g6+ hxg6 56. hxg6+ Ke8 57. Rc8+ Ke7 58. Rxc5 Ke6 59. Rc6+ Kf5 60. Rc3 Kxg6 61. Rxb3 Kf5 62. Rc3 Bb4 63. Rc2 Ba5 64. Ka2 Bb6 65. Rc4 Rf3 66. Bd2 Rf2 67. Bc3 Bd8 68. e6 Kxe6 69. Bxg7 Kf5 70. Be5 Re2 71. Rc6 Bh4 72. Kb3 Bg3 73. Rc4 Bf2 74. Ka4 Bg3 75. b4 Ra2+ 76. Kb5 Rd2 77. Kc6 Ke6 78. b5 Rd8 79. Kb7 Rd5 80. b6 Bf2 81. Kc6 Ra5 82. b7 Ra6+ 83. Kc7 Bb6+ 84. Kc8 Ba7 85. b8=Q Bxb8 86. Kxb8 Kf5 87. Kb7 Rh6 88. Rc6 Rh7+ 89. Kb6 Rh1 90. Rf6+ Ke4 91. Rf8 Rd1 92. Kc7 Rd2 93. Bd6 Rd5 94. Kd7 Rh5 95. Ke6 Rh6+ 96. Rf6 Rh8 97. f5 Re8+ 98. Kd7 Rh8 99. Rf7 Kd5 100. f6 Ra8 101. Rh7 Ra6 102. Rh5+ Ke4 103. f7 1-0


[Site "https://www.chess.com"]

[Event "Titled Tuesday Blitz November 14 Early 2023"]
[White "Kozak, Antoni"]
[Black "Duda, Jan-Krzysztof"]
[WhiteFideId "21832030"]
[BlackFideId "1170546"]
[WhiteElo "2835"]
[BlackElo "3096"]
[Result "1-0"]
[Round "6"]
[TimeControl "180+1"]
[Date "2023.11.14"]
[WhiteClock "0:00:12"]
[BlackClock "0:00:00"]
[Board "10"]

1. Nf3 g6 2. c4 Bg7 3. Nc3 d6 4. e4 Bg4 5. d4 Bxf3 6. gxf3 e6 7. Be3 Ne7 8. Qd2 Nd7 9. f4 c6 10. h4 h5 11. Bh3 Qa5 12. Rg1 Bf6 13. O-O-O Bxh4 14. Kb1 Nb6 15. b3 d5 16. c5 Nd7 17. f3 Qc7 18. f5 gxf5 19. exf5 exf5 20. Bf4 Qa5 21. Kb2 Nf8 22. Be5 Rh7 23. Qf4 Nfg6 24. Rxg6 Nxg6 25. Qxf5 Qd8 26. Rg1 Qe7 27. Rg2 Kd8 28. Re2 Qe6 29. Bc7+ Kxc7 30. Rxe6 fxe6 31. Qxg6 Rah8 32. Qxe6 Kb8 33. Qe5+ Ka8 34. b4 Rf8 35. b5 Bf6 36. Qf5 Rhh8 37. bxc6 bxc6 38. Qe6 Bxd4 39. Qxc6+ Kb8 40. Qxd5 Rd8 41. Qb3+ Kc7 42. Kc2 Bxc5 43. Qc4 Kc6 44. Bf5 Rhe8 45. Be4+ Kd6 46. Nb5+ Ke5 47. Qxc5+ Kf4 48. Qf5+ Ke3 49. Nc3 Rd2+ 50. Kb3 Rb8+ 51. Kc4 Rd4+ 52. Kc5 Rd2 53. Qg5+ 1-0


[Site "https://www.chess.com"]

[Event "Titled Tuesday Blitz November 14 Early 2023"]
[White "Pranav, V"]
[Black "Cherniaiev, Tykhon"]
[WhiteFideId "25060783"]
[BlackFideId "14182360"]
[WhiteElo "3092"]
[BlackElo "2834"]
[Result "1-0"]
[Round "6"]
[TimeControl "180+1"]
[Date "2023.11.14"]
[WhiteClock "0:00:10"]
[BlackClock "0:00:02"]
[Board "11"]

1. Nf3 Nf6 2. g3 g6 3. Bg2 Bg7 4. O-O O-O 5. d3 d5 6. Nbd2 c5 7. e4 Nc6 8. Re1 Bg4 9. h3 Bxf3 10. Qxf3 dxe4 11. dxe4 Qc7 12. Nc4 Nd7 13. c3 Nde5 14. Nxe5 Nxe5 15. Qe2 c4 16. Bf4 Qc6 17. Bxe5 Bxe5 18. Rad1 Rad8 19. Rd5 Bg7 20. Red1 Rxd5 21. exd5 Qc5 22. d6 exd6 23. Bxb7 Be5 24. Kg2 Rb8 25. Bd5 Rc8 26. h4 h5 27. Qf3 Qc7 28. Re1 Rf8 29. Qe4 Kg7 30. Bxc4 Rb8 31. Re2 a5 32. Qd5 Rc8 33. Bb5 Qb6 34. a4 Bf6 35. Re3 Qc5 36. Qf3 Be5 37. Qe4 Bf6 38. Rf3 Qe5 39. Qb7 Qc5 40. b4 axb4 41. cxb4 Qc7 42. Qd5 Rb8 43. a5 Bc3 44. Bc4 Bf6 45. b5 Rc8 46. Bb3 Qe7 47. a6 Rc5 48. Qxf7+ Qxf7 49. Bxf7 Rxb5 50. Ra3 Bd4 51. a7 Rb2 52. a8=Q Rxf2+ 53. Kh3 Rxf7 54. Rb3 Be5 55. Rb7 Rxb7 56. Qxb7+ Kf6 57. Qd5 Kg7 58. g4 hxg4+ 59. Kxg4 Kh6 60. Qe6 Kh7 61. Kg5 Kh8 62. Kxg6 Bd4 63. Qe8# 1-0


[Site "https://www.chess.com"]

[Event "Titled Tuesday Blitz November 14 Early 2023"]
[White "Rychkov, Oleg"]
[Black "Le, Tuan Minh"]
[WhiteFideId "4122852"]
[BlackFideId "12401153"]
[WhiteElo "2831"]
[BlackElo "3056"]
[Result "1-0"]
[Round "6"]
[TimeControl "180+1"]
[Date "2023.11.14"]
[WhiteClock "0:01:58"]
[BlackClock "0:01:15"]
[Board "12"]

1. e4 e5 2. Bc4 Bc5 3. d3 d6 4. Nc3 Nc6 5. f4 Nf6 6. Nf3 Bg4 7. Na4 Bb6 8. h3 Bxf3 9. Qxf3 Nd4 10. Qf2 Qd7 11. Nxb6 axb6 12. c3 Nc6 13. Bb3 O-O 14. O-O Qe7 15. fxe5 Qxe5 16. Bf4 Qd5 17. exd5 1-0


[Site "https://www.chess.com"]

[Event "Titled Tuesday Blitz November 14 Early 2023"]
[White "Szpar, Milosz"]
[Black "Sadhwani, Raunak"]
[WhiteFideId "1184989"]
[BlackFideId "35093487"]
[WhiteElo "2828"]
[BlackElo "3052"]
[Result "1-0"]
[Round "6"]
[TimeControl "180+1"]
[Date "2023.11.14"]
[WhiteClock "0:00:13"]
[BlackClock "0:00:11"]
[Board "13"]

1. e4 a6 2. d4 e6 3. Bd3 d5 4. e5 c5 5. c3 Bd7 6. Qg4 Qb6 7. Nf3 cxd4 8. cxd4 Bb5 9. Bxb5+ axb5 10. O-O Nc6 11. Be3 Nge7 12. Nbd2 Nf5 13. Nb3 Be7 14. Ne1 Ra4 15. Qd1 O-O 16. Nc2 Rc8 17. g4 Nxe3 18. fxe3 f6 19. exf6 Bxf6 20. g5 Be7 21. Ne1 Bxg5 22. Qf3 Bf6 23. Qh3 Nd8 24. Nd3 Rac4 25. Kh1 Qd6 26. Rxf6 gxf6 27. Rg1+ Kf8 28. Qxh7 Nf7 29. Rg7 R4c7 30. Qg8+ 1-0


[Site "https://www.chess.com"]

[Event "Titled Tuesday Blitz November 14 Early 2023"]
[White "Erdogmus, Yagiz Kaan"]
[Black "Samsonkin, Artiom"]
[WhiteFideId "44599790"]
[BlackFideId "13503111"]
[WhiteElo "3037"]
[BlackElo "2826"]
[Result "1-0"]
[Round "6"]
[TimeControl "180+1"]
[Date "2023.11.14"]
[WhiteClock "0:00:07"]
[BlackClock "0:00:06"]
[Board "14"]

1. e4 c5 2. Nf3 d6 3. d4 cxd4 4. Nxd4 Nf6 5. Nc3 a6 6. Be3 e5 7. Nde2 h5 8. Bg5 Be6 9. Ng3 Nbd7 10. Be2 g6 11. Nf1 Be7 12. Ne3 Nxe4 13. Nxe4 Bxg5 14. Nxg5 Qxg5 15. Qxd6 Rc8 16. Bf3 Qe7 17. O-O-O Qxd6 18. Rxd6 Ke7 19. Rxe6+ fxe6 20. Bxb7 Rc7 21. Bxa6 Rf8 22. Rf1 Nb6 23. Bd3 Nd5 24. Nd1 Nf4 25. Be4 Rc4 26. Re1 g5 27. g3 Nh3 28. Re2 g4 29. Bg2 e4 30. Bxe4 Ng1 31. Re1 Nf3 32. Bxf3 gxf3 33. Re5 h4 34. Ne3 Ra4 35. a3 hxg3 36. hxg3 Kd6 37. Rb5 Rd4 38. c3 Re4 39. Kd2 Ke7 40. Rb4 Rd8+ 41. Ke1 Re5 42. Rf4 Rh8 43. Rxf3 Rh1+ 44. Kd2 Rb1 45. Kc2 Re1 46. Nc4 R5e2+ 47. Kb3 e5 48. Rf5 e4 49. g4 Ke6 50. Rf4 Rf1 51. Ne3 Rfxf2 52. Rxe4+ Kd7 53. Rd4+ Kc7 54. Nc4 Rg2 55. a4 Ref2 56. a5 Rf8 57. Ka4 Rg1 58. b4 Rb8 59. Nb6 Ra1+ 60. Kb5 Rb1 61. Rd7# 1-0


[Site "https://www.chess.com"]

[Event "Titled Tuesday Blitz November 14 Early 2023"]
[White "Niemann, Hans Moke"]
[Black "Xu, Yi"]
[WhiteFideId "2093596"]
[BlackFideId "8605564"]
[WhiteElo "3034"]
[BlackElo "2819"]
[Result "1-0"]
[Round "6"]
[TimeControl "180+1"]
[Date "2023.11.14"]
[WhiteClock "0:00:24"]
[BlackClock "0:00:00"]
[Board "15"]

1. e4 e5 2. Nf3 Nf6 3. Nxe5 d6 4. Nd3 Nxe4 5. Qe2 Qe7 6. Nf4 Nf6 7. d4 Nc6 8. c3 Qxe2+ 9. Bxe2 g5 10. Nh5 Nxh5 11. Bxh5 Be7 12. O-O Be6 13. Re1 Kd7 14. Nd2 d5 15. Nf3 f6 16. h3 Bd6 17. Bd2 Ne7 18. Re2 Bf5 19. Rae1 Bg6 20. Bg4+ Nf5 21. h4 h5 22. Bxf5+ Bxf5 23. hxg5 Bg4 24. gxf6 Bxf3 25. gxf3 Rhg8+ 26. Kf1 Raf8 27. Re6 Rg6 28. f4 Rgxf6 29. Rxf6 Rxf6 30. Kg2 c6 31. Kf3 Rf5 32. a4 a5 33. b3 b6 34. c4 Rf8 35. Rh1 Rf5 36. Rg1 Ke7 37. Rg6 Rf6 38. Rg5 h4 39. Rh5 dxc4 40. bxc4 Bb4 41. Be3 Rg6 42. Rxh4 Rg1 43. Rh7+ Kd6 44. Rb7 Ra1 45. Rxb6 Rxa4 46. d5 Ra1 47. Rxc6+ Kd7 48. Ra6 a4 49. c5 a3 50. f5 a2 51. c6+ Kd6 52. Bf4+ Kxd5 53. c7 Rf1 54. Rxa2 1-0


[Site "https://www.chess.com"]

[Event "Titled Tuesday Blitz November 14 Early 2023"]
[White "Dragun, Kamil"]
[Black "Demchenko, Anton"]
[WhiteFideId "1134167"]
[BlackFideId "4160258"]
[WhiteElo "2822"]
[BlackElo "3023"]
[Result "0-1"]
[Round "6"]
[TimeControl "180+1"]
[Date "2023.11.14"]
[WhiteClock "0:00:04"]
[BlackClock "0:00:22"]
[Board "16"]

1. d4 Nf6 2. c4 d6 3. Nf3 Nc6 4. Nc3 e5 5. e4 Bg4 6. d5 Nd4 7. Be2 Nxe2 8. Qxe2 Be7 9. h3 Bd7 10. O-O h6 11. Ne1 g5 12. Nd3 Rg8 13. g4 Nh7 14. c5 Nf8 15. Be3 Ng6 16. Rac1 h5 17. f3 Nf4 18. Bxf4 gxf4 19. b4 Kf8 20. b5 Bh4 21. c6 Bc8 22. a4 a6 23. cxb7 Bxb7 24. Nb4 axb5 25. axb5 Bg3 26. Ra1 Rxa1 27. Rxa1 Kg7 28. Nc6 Qh4 29. Qg2 hxg4 30. hxg4 Bc8 31. Ra7 Bxg4 32. Rxc7 Bh3 33. Qe2 Kh8 34. Ne7 Bf2+ 0-1


[Site "https://www.chess.com"]

[Event "Titled Tuesday Blitz November 14 Early 2023"]
[White "Vignesh N R"]
[Black "Terry, Renato"]
[WhiteFideId "25012215"]
[BlackFideId "3803457"]
[WhiteElo "2817"]
[BlackElo "3009"]
[Result "0-1"]
[Round "6"]
[TimeControl "180+1"]
[Date "2023.11.14"]
[WhiteClock "0:00:17"]
[BlackClock "0:00:36"]
[Board "17"]

1. Nf3 d5 2. g3 Nf6 3. Bg2 c6 4. c4 Bf5 5. O-O e6 6. Qb3 Qb6 7. d3 Nbd7 8. Be3 Bc5 9. d4 Be7 10. Nc3 h6 11. c5 Qc7 12. Bf4 Qc8 13. Rac1 O-O 14. Rfd1 Nh5 15. Bd6 Bxd6 16. cxd6 Qb8 17. Qa3 Rd8 18. Ne5 Nhf6 19. Na4 Nb6 20. Nc5 Nc8 21. Nxb7 Qxb7 22. Rxc6 Nb6 23. Rc7 Qb8 24. Nxf7 Rd7 25. Rxd7 Nfxd7 26. Ne5 Qb7 27. b3 Rc8 28. Rc1 Kh7 29. h4 Nf6 30. Rxc8 Nxc8 31. Qc5 Nb6 32. Qc7 Qxc7 33. dxc7 Ne8 34. Nc6 a6 35. Ne7 Nxc7 36. Nxf5 exf5 37. e3 g5 38. hxg5 hxg5 39. Kf1 Kg6 40. Ke2 Kf6 41. Kd3 g4 42. a4 a5 43. Kc3 Na6 44. Bf1 Nb4 45. Bb5 Nc8 46. Be2 Nd6 47. Kd2 Ne4+ 48. Ke1 Nc2+ 49. Kd1 Nb4 50. Ke1 Ke6 51. Kf1 Nd2+ 0-1


[Site "https://www.chess.com"]